 Dungeon Crawl Stone Soup version 0.27-a0-249-g74f53ef629 (webtiles) character file.

Game seed: 6047375794286337230

65 dolemite99 the Poker (level 3, 0/29 HPs)
             Began as a Demonspawn Fighter on Feb 4, 2021.
             Slain by a gnoll
             ... wielding a +0 spear
              (5 damage)
             ... on level 2 of the Dungeon.
             The game lasted 00:01:18 (1162 turns).

dolemite99 the Poker (Demonspawn Fighter)           Turns: 1162, Time: 00:01:19

Health: 0/29       AC:  6    Str: 17    XL:     3   Next: 94%
Magic:  3/3        EV:  6    Int:  9    God:
Gold:   39         SH:  8    Dex: 12    Spells: 2/2 levels left

rFire    . . .     SeeInvis .   e - +0 dagger (drain)
rCold    . . .     Faith    .   c - +0 kite shield
rNeg     . . .     Spirit   .   b - +0 scale mail
rPois    .         Reflect  .   (helmet restricted)
rElec    .         Harm     .   (no cloak)
rCorr    .         Rampage  .   (no gloves)
Will     .....                  (no boots)
Stlth    ..........             (no amulet)
HPRegen  0.09/turn              (no ring)
MPRegen  0.08/turn              (no ring)

@: mighty
A: horns 1, spiny 1
a: no special abilities


You were on level 2 of the Dungeon.
You visited 1 branch of the dungeon, and saw 2 of its levels.

You collected 39 gold pieces.

Inventory:

Hand Weapons
 a - a +0 trident
 e - a +0 dagger of draining (weapon)
Missiles
 i - 12 stones (quivered)
 l - 37 bolts
 o - 9 poisoned darts
Armour
 b - a +0 scale mail (worn)
 c - a +0 kite shield (worn)
Jewellery
 f - a +6 ring of dexterity {unknown}
 g - a cursed ring of attention {unknown}
 j - an uncursed ring of resist corrosion {unknown}
Scrolls
 k - 2 scrolls of remove curse {unknown}
 n - 2 scrolls of magic mapping {unknown}
 p - a scroll of identify {unknown}
 r - a scroll of teleportation {unknown}
Potions
 m - a potion of brilliance {unknown}
 q - a potion of ambrosia {unknown}


   Skills:
 - Level 3.0 Fighting
 + Level 3.9 Polearms
 - Level 2.6 Armour
 - Level 2.6 Shields


You had 2 spell levels left.
You didn't know any spells.
Your spell library was empty.

Dungeon Overview and Level Annotations

Branches:
Dungeon (2/15)

Altars:


Innate Abilities, Weirdness & Mutations

You have a pair of small horns on your head.
You are partially covered in sharp spines.


Message History

The gnoll hits you from afar with a +0 spear.
You hit the gnoll but do no damage. You drain the gnoll.
The gnoll is severely wounded.
The gnoll hits you but does no damage. You block the gnoll's attack.
The gnoll hits you from afar with a +0 spear.
You completely miss the gnoll. Your headbutt misses the gnoll.
The gnoll is severely wounded.
The gnoll barely misses you.
The gnoll hits you from afar with a +0 spear.
You block the gnoll's attack.
You hit the gnoll.
You kill the gnoll!
The gnoll hits you from afar with a +0 spear.
The gnoll hits you from afar with a +0 halberd!
* * * LOW HITPOINT WARNING * * *
You feel very mighty all of a sudden.
The gnoll hits you from afar with a +0 spear.
* * * LOW HITPOINT WARNING * * *
The gnoll is struck by your spines. The gnoll hits you with a +0 spear.
You die...

#...........#####
#...........g...#
##..........###.#
############ #.#
#.# #.# #g#
######g# #...##@#
#...##.# ###
#...##.# #<#
#...##.# #.#
#...##.# #.#.#
#...##.## #.#.#
#.......# #.#.#
##......######.#.#
#...............#


You could see 2 gnolls.

Vanquished Creatures
  2 gnolls (D:2)
  An ooze (D:2)
  3 dart slugs
  2 leopard geckos
  4 bats
  2 giant cockroaches (D:1)
  2 goblins
  7 hobgoblins (D:1)
  2 frilled lizards
  5 kobolds
  4 rats
34 creatures vanquished.

Notes
Turn   | Place    | Note
-------+----------+-------------------------------------------
     0 | D:1      | dolemite99 the Demonspawn Fighter began the quest for the
                  | Orb.
     0 | D:1      | Reached XP level 1. HP: 18/18 MP: 1/1
    90 | D:1      | Gained mutation: You are partially covered in sharp spines.
                  | [demonic ancestry]
    90 | D:1      | Reached XP level 2. HP: 19/24 MP: 2/2
   616 | D:1      | Gained mutation: You have a pair of small horns on your
                  | head. [demonic ancestry]
   616 | D:1      | Reached XP level 3. HP: 29/29 MP: 3/3
  1162 | D:2      | Slain by a gnoll

Illustrated notes

Levels and vault maps discovered:
D:1:      minmay_arrival_doors, layout_basic, grunt_decor_mini_mirrors,
          nrook_mini_vaults
D:2:      layout_basic, gammafunk_temple_overflow_statue

Skill      XL: |  1  2 |
---------------+-------+-----
Polearms       | 2 3 |  3.9
Fighting       | |  3.0
Armour         | |  2.6
Shields        | |  2.6

Action                   || total
-------------------------++-------
Melee: Trident           ||    25
       Dagger            ||    59
       Headbutt          ||     4
Throw: Dart              ||    17
       Stone             ||     1
  Use: Potion            ||     1
 Stab: Invisible         ||     1
Armor: Scale mail        ||    38
Dodge: Dodged            ||    18
Block: Kite shield       ||    49

Table legend: (Time is in decaauts)
 A = Elapsed time spent in this place.
 B = Non-inter-level travel time spent in this place.
 C = Inter-level travel time spent in this place.
 D = Time resting spent in this place.
 E = Time spent auto-exploring this place.
 F = Levels seen in this place.
 G = Mean time per level.
                   A        B        C        D        E       F      G
               +--------+--------+--------+--------+--------+-----+--------+
         Total |   1191 |   1178 |     13 |    138 |    714 |   2 |  595.5 |
       Dungeon |   1191 |   1178 |     13 |    138 |    714 |   2 |  595.5 |
               +--------+--------+--------+--------+--------+-----+--------+

Top non-repeatable levels by time:
     D:1: 856 daAuts
     D:2: 335 daAuts
